Map: Prion Terraces

Players

Luolis - Winner!

  • Race: Terran Terran
  • League: Diamond

Tenichi

  • Race: Protoss Protoss
  • League: Platinum

VOD

Have the link to the VOD?

Description

Time

  • Played on: Nov. 19, 2015, 11:20 a.m.
  • Length: 10:37
Show
View Real Time Build Order
Export as new Build Order

Luolis Terran - Winner!

Build Orders: Reaper Expand, MMM Bio 

Get SALT Encoding   

  12  0:01  SCV  
  13  0:13  SCV  
  14  0:17  Supply Depot  
  14  0:25  SCV  
  15  0:39  SCV  
  15  0:42  Barracks  
  16  0:47  Refinery  
  16  0:51  SCV  
  17  1:03  SCV  
  18  1:15  SCV  
  19  1:29  Orbital Command  
  19  1:30  Reaper  
  20  1:45  Command Center  
  20  1:55  SCV  
  20  1:58  Supply Depot  
  21  2:07  SCV  
  22  2:10  Barracks Reactor  
  22  2:19  SCV  
  22  2:21  Barracks  
  23  2:28  Bunker  
  23  2:31  SCV  
  24  2:43  SCV  
  25  2:47  Marine x2  
  25  2:48  Supply Depot  
  25  2:49  Barracks  
  27  2:53  Refinery  
  27  2:55  SCV  
  28  3:07  Marine x2  
  28  3:08  SCV  
  28  3:09  Orbital Command  
  28  3:12  Barracks Tech Lab  
  31  3:24  Supply Depot, Marine  
  31  3:25  SCV, Marine  
  34  3:38  Stimpack  
  34  3:39  Marauder  
  35  3:41  Barracks Tech Lab  
  35  3:42  Marine x2  
  35  3:43  SCV  
  35  3:44  SCV  
  39  3:52  Factory  
  39  4:00  Marine x2  
  39  4:01  Marauder  
  43  4:03  SCV  
  43  4:04  SCV  
  45  4:10  Supply Depot  
  45  4:13  Marauder  
  47  4:18  SCV, Marine x2  
  47  4:19  SCV  
  47  4:23  Marauder  
  53  4:25  Concussive Shells  
  53  4:30  SCV  
  54  4:35  Marauder  
  56  4:38  Factory Reactor  
  56  4:39  Starport  
  56  4:42  Marine x2  
  56  4:43  SCV x2  
  60  4:48  Supply Depot  
  60  4:50  Marauder  
  62  4:56  Marauder  
  62  4:57  SCV x2  
  65  5:12  Marauder, Marine x2  
  62  5:17  Marauder  
  62  5:19  Supply Depot  
  62  5:21  SCV x2  
  62  5:23  Refinery  
  62  5:25  Supply Depot  
  61  5:32  Medivac  
  61  5:33  SCV, Widow Mine, Medivac  
  69  5:36  Marauder, Marine  
  69  5:38  Marine  
  69  5:39  Marauder  
  71  5:42  Supply Depot  
  71  5:47  SCV x2  
  73  5:51  Combat Shields  
  75  5:57  Marauder  
  75  5:59  SCV  
  75  6:00  Marauder  
  75  6:01  Refinery  
  75  6:03  Marine x2  
  78  6:14  Medivac  
  82  6:18  Marauder  
  82  6:21  Command Center  
  82  6:22  Marauder  
  82  6:23  Marine x2  
  86  6:28  SCV x2  
  86  6:30  Supply Depot  
  88  6:39  Marine  
  89  6:41  Marine  
  78  7:00  Marauder, Marine x2  
  78  7:01  Medivac x2, Widow Mine, Marauder  
  74  7:07  SCV x2  
  80  7:12  Barracks x2  
  80  7:13  Supply Depot, Barracks  
  80  7:19  SCV  
  80  7:21  Marine x2  
  80  7:22  Marauder x2  
  87  7:32  Supply Depot  
  87  7:39  Widow Mine, Medivac x2  
  93  7:45  Engineering Bay  
  93  7:46  Supply Depot  
  93  7:47  Engineering Bay  
  93  7:48  Marine x2  
  93  7:49  Marauder x2  
  93  7:50  SCV  
  100  7:53  Supply Depot  
  100  8:00  Orbital Command  
  100  8:01  SCV  
  100  8:04  Barracks Tech Lab  
  100  8:05  Barracks Tech Lab x2  
  101  8:07  Marine  
  101  8:10  Marauder  
  102  8:15  Marine, Marauder  
  102  8:17  Medivac  
  102  8:18  Medivac  
  108  8:24  Marine  
  103  8:32  Marauder  
  95  8:45  Marauder x2  
  95  8:46  Marine x2, Marauder  
  95  8:47  SCV x3  
  106  8:50  Barracks  
  106  8:51  Barracks  
  106  8:53  Medivac x2, Marauder x2  
  106  8:55  Factory Reactor  
  114  9:07  Marauder  
  114  9:08  Marine x2, Marauder x2  
  122  9:14  Marauder  
  124  9:20  Marauder  
  124  9:29  Marauder x3  
  127  9:36  Marauder  
  127  9:37  Medivac x2  
  133  9:41  Marauder  
  128  9:50  Marauder x2  
  128  9:51  Marauder  
  130  9:53  Widow Mine, Marine x2  
  130  9:54  Widow Mine  
  130  9:57  Marauder  
  136  10:03  Marauder  
  138  10:07  Medivac  
  138  10:11  Barracks Tech Lab x2, Refinery x2  
  138  10:12  Supply Depot, Armory, Marauder x3  
  138  10:13  Supply Depot  
Show
View Real Time Build Order
Export as new Build Order

Tenichi Protoss 

Build Orders: Blink Stalkers 

Get SALT Encoding   

  12  0:01  Probe (Chrono Boost)  
  13  0:12  Probe (Chrono Boost)  
  14  0:18  Pylon  
  14  0:22  Probe (Chrono Boost)  
  15  0:36  Probe (Chrono Boost)  
  15  0:39  Gateway  
  16  0:46  Probe (Chrono Boost)  
  17  0:52  Assimilator  
  17  0:57  Probe (Chrono Boost)  
  18  1:08  Probe (Chrono Boost)  
  19  1:18  Probe (Chrono Boost)  
  20  1:19  Pylon  
  20  1:24  Assimilator  
  20  1:27  Cybernetics Core  
  20  1:29  Probe (Chrono Boost)  
  21  1:39  Probe (Chrono Boost)  
  22  1:50  Probe (Chrono Boost)  
  23  2:01  Nexus  
  25  2:08  Mothership Core (Chrono Boost)  
  24  2:16  Stalker  
  24  2:18  Warp Gate (Chrono Boost)  
  26  2:31  Pylon  
  26  2:33  Probe  
  27  2:45  Probe  
  28  2:53  Stalker  
  28  2:57  Probe  
  31  3:09  Probe  
  32  3:15  Twilight Council  
  32  3:19  Gateway  
  32  3:21  Gateway  
  32  3:35  Probe  
  32  3:36  Pylon  
  32  3:37  Probe  
  34  3:44  Stalker  
  34  3:45  Pylon  
  36  3:55  Blink (Chrono Boost)  
  36  3:58  Robotics Facility  
  36  4:01  Pylon  
  36  4:06  Probe (Chrono Boost)  
  37  4:20  Stalker x2  
  37  4:22  Probe (Chrono Boost)  
  42  4:34  Probe x2 (Chrono Boost)  
  44  4:43  Probe  
  45  4:45  Probe  
  45  4:46  Observer (Chrono Boost)  
  45  4:48  Stalker x2  
  51  4:55  Probe  
  51  4:58  Probe  
  50  5:07  Probe  
  50  5:10  Probe  
  50  5:13  Stalker x3  
  58  5:19  Probe  
  59  5:32  Immortal (Chrono Boost)  
  61  5:52  Probe  
  61  5:53  Probe  
  61  5:54  Assimilator  
  63  5:58  Pylon  
  63  5:59  Templar Archives  
  63  6:04  Gateway  
  63  6:05  Probe, Gateway  
  63  6:07  Gateway  
  58  6:13  Stalker x2  
  60  6:30  Assimilator  
  60  6:31  Stalker  
  62  6:36  Stalker  
  62  6:37  Stalker  
  59  6:55  Probe x2  
  59  6:56  Stalker  
  63  7:04  Immortal (Chrono Boost)  
  63  7:07  Probe x2  
  69  7:10  Stalker x2  
  69  7:19  Probe x2  
  71  7:29  Nexus  
  71  7:31  Probe x2  
  71  7:32  Pylon  
  71  7:34  Psionic Storm  
  73  7:40  Pylon  
  73  7:43  Probe  
  74  7:50  High Templar  
  76  7:53  Stalker  
  76  7:54  Zealot  
  76  7:55  Forge  
  76  7:57  Forge  
  80  8:00  Pylon  
  80  8:05  Probe x2  
  82  8:17  Probe x2  
  82  8:19  Stalker x2  
  88  8:20  Stalker x2  
  82  8:29  Probe  
  69  8:41  Stalker  
  69  8:42  Stalker  
  69  8:45  High Templar  
  75  8:52  Zealot  
  75  8:53  Zealot x2  
  75  8:55  Probe  
  81  8:56  Probe  
  81  8:57  Probe  
  76  9:22  Stalker x2  
  76  9:23  Stalker x2  
  55  10:03  Stalker x3  
  55  10:06  Pylon  
  65  10:08  Pylon  
  65  10:12  Pylon  
Tags
 
Add a new tag
Caveats
  • Supply blocks, unpowered buildings, or Contaminate may cause inaccurate times.
  • Supply counts are checked every 10 seconds.